LNP
ADJUNTAS SANTOS @ JAYUYA CERROS
06/06/1903
 
TOP OF THE 1ST
Adjuntas Santos batting - Pitching for Jayuya Cerros : LHP Ashley Watts
Pitching: LHP Ashley Watts
Batting: RHB Silvio García 0-0: Ball
1-0: SINGLE (Line Drive, 6M, EV 166 KM/H)
Batting: RHB César Antonio 0-0: Called Strike
0-1: Bunted foul
0-2: Foul Ball, location: 3F
0-2: Ball
1-2: Grounds into double play, 6-4-3 (Groundball, 6, EV 133 KM/H)
Batting: RHB Luis Cruz 0-0: Fly out, F7 (Line Drive, 7S, EV 145 KM/H)
Top of the 1st over - 0 runs, 1 hit, 0 errors, 0 left on base; Adjuntas 0 - Jayuya 0
BOTTOM OF THE 1ST
Jayuya Cerros batting - Pitching for Adjuntas Santos : RHP David Gordon
Pitching: RHP David Gordon
Batting: RHB Jorge Picazo 0-0: Swinging Strike
0-1: Ball
1-1: Foul Ball, location: 2LF
1-2: Ground out 4-3 (Groundball, 34, EV 140 KM/H)
Batting: RHB Teucro González 0-0: Ball
1-0: Called Strike
1-1: Ball
2-1: Ball
3-1: Foul Ball, location: 2F
3-2: SINGLE (Groundball, 34D, EV 156 KM/H)
Batting: RHB Mario Ruiz 0-0: Grounds into double play, 4-6-3 (Groundball, 4, EV 164 KM/H)
Bottom of the 1st over - 0 runs, 1 hit, 0 errors, 0 left on base; Adjuntas 0 - Jayuya 0
TOP OF THE 2ND
Adjuntas Santos batting - Pitching for Jayuya Cerros : LHP Ashley Watts
Batting: RHB Gabriel Corona 0-0: Ball
1-0: Ball
2-0: Ball
3-0: Called Strike
3-1: Foul Ball, location: 2F
3-2: Foul Ball, location: 3F
3-2: Strikes out swinging
Batting: RHB Noé Medina 0-0: Called Strike
0-1: Ball
1-1: Ball
2-1: Called Strike
2-2: Strikes out swinging
Batting: LHB Marco González 0-0: Called Strike
0-1: Ball
1-1: Ball
2-1: Foul Ball, location: 2F
2-2: Ball
3-2: Foul Ball, location: 7LSF
3-2: Fly out, F9 (Flyball, 9D, EV 142 KM/H)
Top of the 2nd over - 0 runs, 0 hits, 0 errors, 0 left on base; Adjuntas 0 - Jayuya 0
BOTTOM OF THE 2ND
Jayuya Cerros batting - Pitching for Adjuntas Santos : RHP David Gordon
Batting: RHB Caleb Pilgram 0-0: Ball
1-0: Foul Ball, location: 9LDF
1-1: SOLO HOME RUN (Flyball, 9D, EV 148 KM/H), Distance : 107 mt
Batting: RHB Oscar García 0-0: Ball
1-0: Called Strike
1-1: Called Strike
1-2: Strikes out swinging
Batting: RHB Gualberto Navía 0-0: Ball
1-0: Swinging Strike
1-1: Foul Ball, location: 9LDF
1-2: SINGLE (Groundball, 6, EV 136 KM/H)
Batting: RHB Julio Vega 0-0: Ball
1-0: Ball
2-0: SINGLE (Flyball, 7LS, EV 140 KM/H)
Gualberto Navía to second
Batting: SHB Gerardo Ramírez 0-0: Foul Ball, location: 25F
0-1: Ball
1-1: Reached via error on a dropped throw from SS, E4 (Groundball, 6, EV 166 KM/H)
Gualberto Navía to third
Julio Vega to second
Batting: RHB Aarón Buruca 0-0: Ball
1-0: Foul Ball, location: 3SF
1-1: Ball
2-1: Ball
3-1: Called Strike
3-2: Fly out, F8 (Flyball, 8LD, EV 162 KM/H)
Batting: RHB Jorge Picazo 0-0: Swinging Strike
0-1: Foul Ball, location: 3F
0-2: Ball
1-2: Ball
2-2: Strikes out swinging
Bottom of the 2nd over - 1 run, 3 hits, 1 error, 3 left on base; Adjuntas 0 - Jayuya 1
TOP OF THE 3RD
Adjuntas Santos batting - Pitching for Jayuya Cerros : LHP Ashley Watts
Batting: RHB Marco Antonio Perales 0-0: Ball
1-0: Ball
2-0: Ball
3-0: Called Strike
3-1: Swinging Strike
3-2: Strikes out swinging
Batting: RHB Cameron McMillan 0-0: Ground out U3 (Groundball, 34, EV 149 KM/H)
Batting: RHB Diego Coca 0-0: Ball
1-0: Called Strike
1-1: Called Strike
1-2: Ball
2-2: Ball
3-2: Foul Ball, location: 25F
3-2: Foul Ball, location: 3F
3-2: Strikes out swinging
Top of the 3rd over - 0 runs, 0 hits, 0 errors, 0 left on base; Adjuntas 0 - Jayuya 1
BOTTOM OF THE 3RD
Jayuya Cerros batting - Pitching for Adjuntas Santos : RHP David Gordon
Batting: RHB Teucro González 0-0: Ground out 1-3 (Groundball, 13S, EV 102 KM/H)
Batting: RHB Mario Ruiz 0-0: Ball
1-0: Swinging Strike
1-1: Ball
2-1: Ball
3-1: Swinging Strike
3-2: Base on Balls
Batting: RHB Caleb Pilgram 0-0: Called Strike
Mario Ruiz steals 2nd base
0-1: Ball
Mario Ruiz steals 3rd base
1-1: Called Strike
1-2: Strikes out swinging
Batting: RHB Oscar García 0-0: Swinging Strike
0-1: Foul Ball, location: 5SF
0-2: Ball
1-2: Foul Ball, location: 2F
1-2: Ground out 5-3 (Groundball, 56S, EV 109 KM/H)
Bottom of the 3rd over - 0 runs, 0 hits, 0 errors, 1 left on base; Adjuntas 0 - Jayuya 1
TOP OF THE 4TH
Adjuntas Santos batting - Pitching for Jayuya Cerros : LHP Ashley Watts
Batting: RHB Silvio García 0-0: Swinging Strike
0-1: Ball
1-1: Ball
2-1: SINGLE (Line Drive, 6MD, EV 155 KM/H)
Batting: RHB César Antonio 0-0: Ball
1-0: Bunted foul
1-1: Ball
2-1: Sac Bunt to 3S - play at first, batter OUT! 3-4
Silvio García to second
Batting: RHB Luis Cruz 0-0: Ball
1-0: Ball
2-0: Called Strike
2-1: Fly out, F7 (Flyball, 7, EV 130 KM/H)
Batting: RHB Gabriel Corona 0-0: Foul Ball, location: 9LDF
0-1: Ball
1-1: Called Strike
1-2: Foul Ball, location: 5F
1-2: Foul Ball, location: 2F
1-2: SINGLE (Groundball, 4MD, EV 169 KM/H)
Silvio García to third
Runner from 3rd tries for Home, SAFE, throw by CF to home
Batting: RHB Noé Medina 0-0: Ground out 4-3 (Groundball, 4MS, EV 113 KM/H)
Top of the 4th over - 1 run, 2 hits, 0 errors, 1 left on base; Adjuntas 1 - Jayuya 1
BOTTOM OF THE 4TH
Jayuya Cerros batting - Pitching for Adjuntas Santos : RHP David Gordon
Batting: RHB Gualberto Navía 0-0: Ground out 4-3 (Groundball, 34, EV 156 KM/H)
Batting: RHB Julio Vega 0-0: Called Strike
0-1: Called Strike
0-2: Foul Ball, location: 5F
0-2: Strikes out looking
Batting: SHB Gerardo Ramírez 0-0: Ball
1-0: Ball
2-0: Ball
3-0: Base on Balls
Batting: RHB Aarón Buruca 0-0: Foul Ball, location: 2F
0-1: DOUBLE (Groundball, 5L, EV 170 KM/H)
Gerardo Ramírez to third
Batting: RHB Jorge Picazo 0-0: Ball
1-0: Called Strike
1-1: Ball
2-1: Ground out 5-3 (Groundball, 5S, EV 129 KM/H)
Bottom of the 4th over - 0 runs, 1 hit, 0 errors, 2 left on base; Adjuntas 1 - Jayuya 1
TOP OF THE 5TH
Adjuntas Santos batting - Pitching for Jayuya Cerros : LHP Ashley Watts
Batting: LHB Marco González 0-0: SINGLE (Groundball, 6MD, EV 159 KM/H)
Batting: RHB Marco Antonio Perales 0-0: Sac Bunt to 15S - play at second, runner OUT! 1-6
Batting: RHB Cameron McMillan 0-0: SINGLE (Groundball, 4, EV 141 KM/H)
Marco Antonio Perales to second
Batting: RHB Diego Coca 0-0: Fly out, F8 (Flyball, 89D, EV 148 KM/H)
Runner from 2nd tags up, SAFE at 3rd, no throw by CF
Batting: RHB Silvio García 0-0: Called Strike
0-1: Ball
1-1: Ball
2-1: Foul Ball, location: 2F
2-2: Foul Ball, location: 2F
2-2: Ball
3-2: SINGLE (Line Drive, 8LS, EV 140 KM/H)
Marco Antonio Perales scores
Cameron McMillan to second
Cameron McMillan to third
Batting: RHB César Antonio 0-0: Foul Ball, location: 2F
0-1: Foul Ball, location: 23F
0-2: Foul Ball, location: 23F
0-2: Foul Ball, location: 25FF
0-2: Ball
1-2: DOUBLE (Flyball, 8RXD, EV 171 KM/H)
Cameron McMillan scores
Silvio García to third
Batting: RHB Luis Cruz 0-0: Ground out 5-3 (Groundball, 56, EV 157 KM/H)
Top of the 5th over - 2 runs, 4 hits, 0 errors, 2 left on base; Adjuntas 3 - Jayuya 1
BOTTOM OF THE 5TH
Jayuya Cerros batting - Pitching for Adjuntas Santos : RHP David Gordon
Batting: RHB Teucro González 0-0: Ball
1-0: Called Strike
1-1: Swinging Strike
1-2: Ball
2-2: Ball
3-2: Strikes out swinging
Batting: RHB Mario Ruiz 0-0: Called Strike
0-1: Foul Ball, location: 9LMF
0-2: Fly out, F7 (Flyball, 7S, EV 139 KM/H)
Batting: RHB Caleb Pilgram 0-0: Swinging Strike
0-1: Foul Ball, location: 3DF
0-2: Strikes out looking
Bottom of the 5th over - 0 runs, 0 hits, 0 errors, 0 left on base; Adjuntas 3 - Jayuya 1
TOP OF THE 6TH
Adjuntas Santos batting - Pitching for Jayuya Cerros : LHP Ashley Watts
Batting: RHB Gabriel Corona 0-0: Ball
1-0: SINGLE (Groundball, 4MD, EV 162 KM/H)
Batting: RHB Noé Medina 0-0: Called Strike
0-1: Called Strike
0-2: Grounds into double play, 6-4-3 (Groundball, 6, EV 160 KM/H)
Batting: LHB Marco González 0-0: Ball
1-0: Ball
2-0: Foul Ball, location: 2F
2-1: Swinging Strike
2-2: Ball
3-2: Base on Balls
Batting: RHB Marco Antonio Perales 0-0: Foul Ball, location: 9LSF
0-1: Foul Ball, location: 2F
0-2: Ball
1-2: Ball
2-2: Foul Ball, location: 9LMF
2-2: SINGLE (Groundball, 6MD, EV 162 KM/H)
Marco González to second
Runner from 2nd tries for 3rd, OUT after rundown.
Top of the 6th over - 0 runs, 2 hits, 0 errors, 1 left on base; Adjuntas 3 - Jayuya 1
BOTTOM OF THE 6TH
Jayuya Cerros batting - Pitching for Adjuntas Santos : RHP David Gordon
Batting: RHB Oscar García 0-0: SINGLE (Line Drive, 34, EV 171 KM/H)
Batting: RHB Gualberto Navía 0-0: DOUBLE (Line Drive, 9LM, EV 164 KM/H)
Oscar García to third
Oscar García scores
Batting: RHB Julio Vega 0-0: Foul Ball, location: 7LMF
0-1: Foul Ball, location: 9LMF
0-2: Ball
1-2: SINGLE (Flyball, 4D, EV 151 KM/H)
Gualberto Navía to third
Batting: SHB Gerardo Ramírez 0-0: Hit by Pitch
Julio Vega to second
Batting: RHB Filemón Sobrevilla 0-0: Swinging Strike
0-1: Ball
1-1: Called Strike
1-2: Ball
2-2: Ball
3-2: Strikes out swinging
Batting: RHB Jorge Picazo 0-0: Called Strike
0-1: DOUBLE (Line Drive, 78D, EV 177 KM/H)
Gualberto Navía scores
Julio Vega scores
Gerardo Ramírez to third
Runner from 3rd tries for Home, SAFE, throw by LF to trailing runner, SAFE at third!
Batting: RHB Teucro González 0-0: Ball
1-0: Ball
2-0: Ball
3-0: Base on Balls
Batting: RHB Mario Ruiz 0-0: Foul Ball, location: 9LSFF
0-1: Ball
1-1: Ball
2-1: DOUBLE (Groundball, 5L, EV 172 KM/H)
Jorge Picazo scores
Teucro González to third
Runner from 3rd tries for Home, SAFE, no throw by LF
Batting: RHB Caleb Pilgram 0-0: Called Strike
0-1: Foul Ball, location: 2F
0-2: Foul Ball, location: 5FF
0-2: Ball
1-2: Ball
2-2: Foul Ball, location: 25FF
2-2: Ball
3-2: Foul Ball, location: 2F
3-2: Fly out, F8 (Flyball, 8LXD, EV 165 KM/H)
Runner from 2nd tags up, SAFE at 3rd, no throw by CF
Batting: RHB Oscar García 0-0: Ball
1-0: Fly out, F8 (Flyball, 78XD, EV 174 KM/H)
Bottom of the 6th over - 6 runs, 5 hits, 0 errors, 1 left on base; Adjuntas 3 - Jayuya 7
TOP OF THE 7TH
Adjuntas Santos batting - Pitching for Jayuya Cerros : LHP Ashley Watts
Now at 1B: Lorenzo Nieves
Now at 3B: Martín Suárez
Batting: RHB Cameron McMillan 0-0: Foul Ball, location: 9LDF
0-1: Ball
1-1: Reached via error on a dropped throw from SS, E3 (Groundball, 6, EV 133 KM/H)
Batting: RHB Diego Coca 0-0: Ball
1-0: SINGLE (Groundball, 34D, EV 172 KM/H)
Cameron McMillan to second
Runner from 2nd tries for 3rd, SAFE, throw by RF made to third
Batting: RHB Silvio García 0-0: Foul Ball, location: 3FF
0-1: Ball
1-1: SINGLE (Line Drive, 34D, EV 153 KM/H)
Cameron McMillan scores
Diego Coca to second
Batting: RHB César Antonio 0-0: Ball
1-0: Foul Ball, location: 2F
1-1: Swinging Strike
1-2: Foul Ball, location: 2F
1-2: Ball
2-2: Fly out, F3 (Popup, 3L, EV 120 KM/H)
Batting: RHB Luis Cruz 0-0: Ball
1-0: Called Strike
1-1: Swinging Strike
1-2: Ball
2-2: Foul Ball, location: 5FF
2-2: Ball
3-2: TRIPLE (Line Drive, 89XD, EV 172 KM/H)
Diego Coca scores
Silvio García scores
Batting: RHB Gabriel Corona 0-0: Ball
1-0: Fly out, F9 (Line Drive, 9, EV 151 KM/H)
Batting: RHB Noé Medina 0-0: Ball
1-0: Ground out 6-3 (Groundball, 6, EV 126 KM/H)
Top of the 7th over - 3 runs, 3 hits, 1 error, 1 left on base; Adjuntas 6 - Jayuya 7
BOTTOM OF THE 7TH
Jayuya Cerros batting - Pitching for Adjuntas Santos : RHP David Gordon
Batting: RHB Gualberto Navía 0-0: Foul Ball, location: 5F
0-1: Called Strike
0-2: Foul Ball, location: 25FF
0-2: Ball
1-2: Fly out, F7 (Line Drive, 78S, EV 156 KM/H)
Batting: RHB Julio Vega 0-0: Fly out, F7 (Flyball, 7LSF, EV 139 KM/H)
Batting: SHB Gerardo Ramírez 0-0: DOUBLE (Flyball, 8RXD, EV 154 KM/H)
Batting: RHB Filemón Sobrevilla 0-0: Fly out, F9 (Flyball, 89M, EV 144 KM/H)
Bottom of the 7th over - 0 runs, 1 hit, 0 errors, 1 left on base; Adjuntas 6 - Jayuya 7
TOP OF THE 8TH
Adjuntas Santos batting - Pitching for Jayuya Cerros : LHP Ashley Watts
Batting: LHB Marco González 0-0: Ball
1-0: Ball
2-0: Ball
3-0: Called Strike
3-1: Base on Balls
Batting: RHB Marco Antonio Perales 0-0: Bunted foul
0-1: Sac Bunt to 5S - play at second, runner OUT! 5-6
Batting: RHB Cameron McMillan 0-0: Ball
1-0: Foul Ball, location: 2F
1-1: Ball
2-1: Sac Bunt to 25 - play at first, batter OUT! 5-3
Marco Antonio Perales to second
Pinch Hitting: LHB Jocko Halligan 0-0: 2-RUN HOME RUN (Flyball, 7LD, EV 179 KM/H) (Inside the Park)
Pitching: LHP Gilberto Baca
Batting: RHB Silvio García 0-0: SINGLE (Groundball, 56S, EV 107 KM/H) (infield hit)
Batting: RHB César Antonio 0-0: SINGLE (Groundball, 56S, EV 104 KM/H) (infield hit)
Silvio García to second
Batting: RHB Luis Cruz 0-0: SINGLE (Line Drive, 9S, EV 174 KM/H)
Silvio García to third
César Antonio to second
Runner from 3rd tries for Home, SAFE, throw by RF to home
Batting: RHB Gabriel Corona 0-0: Ball
1-0: Ball
2-0: Called Strike
2-1: Foul Ball, location: 2F
2-2: Ball
3-2: Foul Ball, location: 7LSF
3-2: Hit by Pitch
César Antonio to third
Luis Cruz to second
Batting: RHB Noé Medina 0-0: Called Strike
0-1: Reached on error, E6 (Groundball, 6, EV 139 KM/H)
César Antonio scores
Luis Cruz to third
Gabriel Corona to second
Batting: LHB Marco González 0-0: Foul Ball, location: 2F
0-1: Called Strike
0-2: Strikes out swinging
Top of the 8th over - 4 runs, 4 hits, 1 error, 3 left on base; Adjuntas 10 - Jayuya 7
BOTTOM OF THE 8TH
Jayuya Cerros batting - Pitching for Adjuntas Santos : RHP David Gordon
Now at C: Ildefonso Larios
Batting: RHB Jorge Picazo 0-0: Ball
1-0: Ball
2-0: Called Strike
2-1: Foul Ball, location: 3SF
2-2: Strikes out swinging
Batting: RHB Lorenzo Nieves 0-0: Called Strike
0-1: Swinging Strike
0-2: Ball
1-2: Strikes out looking
Pinch Hitting: LHB Marco Navarrete 0-0: Foul Ball, location: 2F
0-1: Ball
1-1: SINGLE (Flyball, 89S, EV 144 KM/H)
Batting: RHB Caleb Pilgram 0-0: Called Strike
0-1: Fly out, F8 (Flyball, 8LD, EV 155 KM/H)
Bottom of the 8th over - 0 runs, 1 hit, 0 errors, 1 left on base; Adjuntas 10 - Jayuya 7
TOP OF THE 9TH
Adjuntas Santos batting - Pitching for Jayuya Cerros : LHP Gilberto Baca
Now at 3B: Bartolomé Flores
Batting: RHB Marco Antonio Perales 0-0: Called Strike
0-1: Swinging Strike
0-2: Foul Ball, location: 2F
0-2: Foul Ball, location: 2F
0-2: Ball
1-2: SINGLE (Line Drive, 7S, EV 164 KM/H)
Batting: RHB Cameron McMillan 0-0: Sac Bunt to 13 - play at second, runner OUT! 1-6
Batting: RHB Ildefonso Larios 0-0: Called Strike
0-1: Fly out, F8 (Flyball, 8LM, EV 154 KM/H)
Batting: RHB Silvio García 0-0: Ball
1-0: Called Strike
1-1: Foul Ball, location: 7LSF
1-2: Ball
2-2: TRIPLE (Flyball, 78XD, EV 164 KM/H)
Cameron McMillan scores
Pinch Runner at 3rd Eduardo Rodríguez:
Batting: RHB César Antonio 0-0: Ball
1-0: Ball
2-0: Ground out 4-3 (Groundball, 4MS, EV 109 KM/H)
Top of the 9th over - 1 run, 2 hits, 0 errors, 1 left on base; Adjuntas 11 - Jayuya 7
BOTTOM OF THE 9TH
Jayuya Cerros batting - Pitching for Adjuntas Santos : RHP David Gordon
Now in RF: Felipe Palomares
Batting: RHB Oscar García 0-0: Foul Ball, location: 2F
0-1: SINGLE (Line Drive, 8LS, EV 150 KM/H)
Batting: RHB Gualberto Navía 0-0: Fly out, F7 (Flyball, 78M, EV 124 KM/H)
Pinch Hitting: LHB Marco Pérez 0-0: Ball
1-0: Fly out, F8 (Flyball, 8LM, EV 149 KM/H)
Batting: SHB Gerardo Ramírez 0-0: 2-RUN HOME RUN (Flyball, 9D, EV 148 KM/H), Distance : 111 mt
Pitching: LHP Lonnie Howell
Batting: RHB Filemón Sobrevilla 0-0: Ball
1-0: Ball
2-0: Called Strike
2-1: Swinging Strike
2-2: Ball
3-2: Base on Balls
Batting: RHB Jorge Picazo 0-0: Ball
1-0: Ball
2-0: Ball
3-0: Base on Balls
Filemón Sobrevilla to second
Batting: RHB Lorenzo Nieves 0-0: Ball
1-0: Called Strike
1-1: Swinging Strike
1-2: Ball
2-2: Strikes out swinging
Bottom of the 9th over - 2 runs, 2 hits, 0 errors, 2 left on base; Adjuntas 11 - Jayuya 9
Sunday, March 17th , 2024 - OOTP Baseball 25.1 Build 47